 Dungeon Crawl Stone Soup version 0.29-a0-876-gfc89b1a5bd (webtiles) character file.

Game seed: 13571585641338636718

754 jlumianski the Chiller (level 7, -6/52 HPs)
             Began as a Demonspawn Ice Elementalist on July 19, 2022.
             Killed from afar by Blork the orc (8 damage)
             ... with a bolt of dispelling energy
             ... on level 4 of the Dungeon.
             The game lasted 00:26:34 (4331 turns).

jlumianski the Chiller (DsIE)                       Turns: 4331, Time: 00:26:35

Health: -6/52      AC:  6    Str:  8    XL:     7   Next: 49%
Magic:  10/14      EV: 12    Int: 19    God:
Gold:   238        SH:  0    Dex: 13    Spells: 3/15 levels left

rFire   . . .      SeeInvis .   d - +1 dagger
rCold   . . .      Faith    .   (no shield)
rNeg    . . .      Spirit   .   u - +0 leather armour
rPois   .          Reflect  .   (no helmet)
rElec   .          Harm     .   (no cloak)
rCorr   .          Rampage  .   j - +2 pair of gloves
Will    +....                   (no boots)
Stlth   ++........              (no amulet)
HPRegen 0.17/turn               r - ring of willpower
MPRegen 0.28/turn               y - ring of wizardry

@: no status effects
A: demonic guardian 1, magic regeneration, weakness stinger 1, demonic touch 2
a: no special abilities


You were on level 4 of the Dungeon.
You visited 1 branch of the dungeon, and saw 5 of its levels.

You collected 238 gold pieces.

Inventory:

Hand Weapons
 d - a +1 dagger (weapon)
 l - a +0 great mace
 z - a +0 arbalest
Missiles
 c - 39 stones
 f - 5 poisoned darts
 m - 4 javelins (quivered)
 o - a throwing net
Armour
 a - a +0 robe
 j - a +2 pair of gloves (worn)
 u - a +0 leather armour (worn)
Magical Staves
 q - a staff of fire
Jewellery
 r - a ring of willpower (left hand)
 y - a ring of wizardry (right hand)
Scrolls
 g - a scroll of noise {unknown}
 k - 4 scrolls of enchant armour
Potions
 b - a potion of magic
 e - 2 potions of berserk rage
 h - a potion of might
 i - a potion of invisibility {unknown}
 p - a potion of brilliance
 s - a potion of curing
 t - a potion of haste {unknown}
 x - a potion of degeneration {unknown}
 A - a potion of mutation {unknown}


   Skills:
 + Level 3.3 Fighting
 + Level 3.2 Short Blades
 + Level 2.9 Throwing
 + Level 0.4 Armour
 + Level 4.0 Dodging
 + Level 4.2 Stealth
 + Level 4.9 Spellcasting
 + Level 3.2 Conjurations
 + Level 6.3 Ice Magic
 + Level 4.3 Invocations
 + Level 3.2 Evocations


You had 3 spell levels left.
You knew the following spells:

 Your Spells              Type           Power      Damage    Failure   Level
a - Freeze                Ice            100%       1d11      1%          1
b - Frozen Ramparts       Ice            56%        1d7       1%          3
c - Ozocubu's Armour      Ice            28%        N/A       1%          3
d - Shock                 Conj/Air       40%        1d5       3%          1
e - Hailstorm             Conj/Ice       22%        3d7       10%         4

Your spell library contained the following spells:

 Spells                   Type           Power      Damage    Failure   Level
 Poisonous Vapours        Pois/Air       8%         N/A       11%         2
 Portal Projectile        Hex/Tloc       8%         N/A       21%         3
 Swiftness                Air            4%         N/A       21%         3
 Tukima's Dance           Hex            4%         N/A       21%         3
 Airstrike                Air            2%         0-2+      52%         4
 Corpse Rot               Necr/Pois/Air  4%         N/A       54%         4
 Blade Hands              Tmut           2%         N/A       86%         5


Dungeon Overview and Level Annotations

Branches:
Dungeon (5/15)
 Temple: D:4-7

Altars:
Gozag
Kikubaaqudgha
Sif Muna
Yredelemnul

Shops:
D:5 *

Annotations:
D:4 Blork the orc, Edmund
D:5 Ijyb


Innate Abilities, Weirdness & Mutations

A weak demonic guardian rushes to your aid.
You regenerate magic rapidly.
You have a small tail.
Your touch may inflict irresistible damage on your foes.


Message History

Blork the orc is moderately wounded.
The wall freezes Blork the orc. x2; Blork the orc zaps a wand.
The bolt of dispelling energy hits you.
Your magical effects are unravelling.
Throw: 5 javelins
Press: ? - help, Q - select action, (/) - cycle Shift-Dir - straight line, f/p - Blork the orc
Aim: Blork the orc, wielding a +0 war axe, wearing a +0 robe and carrying a wand of quicksilver (9) (heavily wounded, fast, 63% to hit)
You throw a javelin.
The javelin barely misses Blork the orc.
The frozen ramparts melt away.
Blork the orc screams, "I'm going to kill you!"
Blork the orc zaps a wand.
The bolt of dispelling energy hits you.
A demonic guardian appears!
Blork the orc closely misses you.
Casting: Frozen Ramparts (safe; 1% risk of failure)
Confirm with . or Enter, or press ? or * to list all spells.
A film of ice covers your body!
Blork the orc zaps a wand.
The bolt of dispelling energy hits you.
Your magical effects are unravelling.
Casting: Ozocubu's Armour (safe; 1% risk of failure)
Confirm with . or Enter, or press ? or * to list all spells.
Okay, then.
Your icy armour will break if you move.
Continue?
Blork the orc attacks as you move away! Blork the orc barely misses you.
Your icy armour cracks and falls away as you move.
Your white imp hits Blork the orc but does no damage.
Blork the orc casts a spell at you. The puff of flame hits you.
Blork the orc looks encouraged for a moment.
Your white imp closely misses Blork the orc.
Blork the orc zaps a wand.
The bolt of dispelling energy hits your white imp!
The bolt of dispelling energy hits you!!
* * * LOW HITPOINT WARNING * * *
Your white imp gestures at Blork the orc.
The puff of frost hits Blork the orc.
Blork the orc zaps a wand.
The bolt of dispelling energy hits your white imp!
Your white imp dies!
Your white imp disappears in a puff of smoke!
The bolt of dispelling energy hits you!
You die...

####......##...'......
..#............#....>.....#
..#............#.....[....#
..#............#..........#
..'............# ........#
###..##...####.# .......#####
####'##...####o######..........
#...........#..ยง....#..........
#...........#...@...'..........
#...........#.......#........^.
#...........#.......#..........
#...###'##########'##..........
#...#.................#+#########
#...#.................#..........
#...#.................#..........
#...#............................
#...#.......................#


You could see Blork the orc (fast, unaware).

Vanquished Creatures
  Menkaure (D:4)
  An orc warrior (D:4)
  2 kobold brigands (D:3)
  A scorpion (D:3)
  3 jellies
  5 adders
  2 worms
  4 dart slugs
  2 bat zombies (D:3)
  3 endoplasms
  3 giant cockroaches
  9 goblins
  4 hobgoblins
  3 quokkas
  7 ball pythons
  5 bats
  A frilled lizard (D:2)
  14 kobolds
  3 rats (D:1)
73 creatures vanquished.

Notes
Turn   | Place    | Note
-------+----------+-------------------------------------------
     0 | D:1      | jlumianski the Demonspawn Ice Elementalist began the quest
                  | for the Orb.
     0 | D:1      | Reached XP level 1. HP: 13/13 MP: 3/3
   220 | D:1      | Reached skill level 4 in Ice Magic
   231 | D:1      | Gained mutation: A weak demonic guardian rushes to your
                  | aid. [demonic ancestry]
   231 | D:1      | Reached XP level 2. HP: 17/19 MP: 3/5
   366 | D:2      | Gained mutation: You regenerate magic rapidly. [demonic
                  | ancestry]
   366 | D:2      | Reached XP level 3. HP: 24/24 MP: 3/6
   372 | D:2      | Learned a level 3 spell: Frozen Ramparts
   808 | D:2      | You fall into a shaft and drop 2 floors!
   829 | D:4      | Found a shimmering blue altar of Sif Muna.
  1033 | D:3      | Found a faded altar of an unknown god.
  1044 | D:3      | Noticed a scorpion
  1052 | D:3      | Killed a scorpion
  1053 | D:3      | Discovered your monstrous ancestry.
  1053 | D:3      | Gained mutation: You have a small tail. [demonic ancestry]
  1053 | D:3      | Reached XP level 4. HP: 22/30 MP: 1/8
  1239 | D:3      | Learned a level 3 spell: Ozocubu's Armour
  1283 | D:5      | Entered Level 5 of the Dungeon
  1283 | D:5      | Noticed an ice beast
  1297 | D:5      | Found an opulent altar of Gozag.
  1297 | D:5      | Found Gozag's Platinum Reserve.
  1312 | D:5      | Noticed Ijyb
  1451 | D:3      | Reached skill level 5 in Ice Magic
  1451 | D:3      | Gained mutation: Your touch may inflict minor irresistible
                  | damage on your foes. [demonic ancestry]
  1451 | D:3      | Reached XP level 5. HP: 41/41 MP: 8/11
  1592 | D:3      | Gained mutation: Your touch may inflict irresistible damage
                  | on your foes. [demonic ancestry]
  1592 | D:3      | Reached XP level 6. HP: 39/47 MP: 7/12
  1803 | D:3      | Learned a level 1 spell: Shock
  2841 | D:3      | Found a basalt altar of Yredelemnul.
  2888 | D:3      | Found an ancient bone altar of Kikubaaqudgha.
  3159 | D:3      | Learned a level 4 spell: Hailstorm
  3243 | D:3      | Reached skill level 6 in Ice Magic
  3526 | D:5      | Reached XP level 7. HP: 50/52 MP: 7/14
  3743 | D:4      | Noticed Edmund
  3820 | D:4      | Noticed Menkaure
  3826 | D:4      | Killed Menkaure
  4318 | D:4      | Noticed Blork the orc
  4331 | D:4      | HP: 2/52 [Blork the orc/bolt of dispelling energy (19)]
  4331 | D:4      | Killed from afar by Blork the orc

Illustrated notes

Levels and vault maps discovered:
D:1:      dpeg_arrival_simpleton_a, layout_loops_ring
D:2:      layout_rooms
D:3:      cheibrodos_thug_alley, layout_basic,
          lemuel_zombie_altar_kikubaaqudgha, mainiacjoe_overflow_alcove_2,
          ebering_ecumenical_altar_sacrificial, kennysheep_generic_room_12
D:4:      layout_gridville, mainiacjoe_overflow_alcove_1, minmay_small_thing,
          uniq_edmund, uniq_blork_the_orc, uniq_menkaure
D:5:      layout_loops_corners, mainiacjoe_overflow_concentric_impassable,
          nicolae_gozag_zags_fifth_avenue, nicolae_wu_jian_immortal_techniques,
          mainiacjoe_overflow_catwalk, uniq_ijyb, uniq_crazy_yiuf_cottage

Skill      XL: |  1  2  3  4  5  6  7 |
---------------+----------------------+-----
Ice Magic      | 4 5 6 |  6.3
Dodging        | 2 3 4 |  4.0
Stealth        | 2 4 |  4.2
Fighting       | 3 |  3.3
Short Blades   | 3 |  3.2
Throwing       | 2 |  2.9
Spellcasting   | 4 |  4.9
Conjurations   | 3 |  3.2
Invocations    | 4 |  4.3
Evocations     | 3 |  3.2
Armour         | |  0.4

Action                   |  1- 3 |  4- 6 |  7- 9 || total
-------------------------+-------+-------+-------++-------
Melee: Dagger            |    38 |    54 |     4 ||    96
       Unarmed           |     6 |       |       ||     6
       Touch             |       |     7 |     1 ||     8
       Tailslap          |       |     5 |       ||     5
       Punch             |       |       |     1 ||     1
Throw: Javelin           |       |     1 |     2 ||     3
 Cast: Freeze            |    22 |     4 |     3 ||    29
       Frozen Ramparts   |     9 |    21 |     4 ||    34
       Shock             |       |     7 |       ||     7
       Ozocubu's Armour  |       |     3 |     2 ||     5
  Use: Scroll            |     4 |     5 |     5 ||    14
       Potion            |       |     1 |       ||     1
 Stab: Sleeping          |     2 |     4 |     1 ||     7
Armor: Robe              |    20 |    15 |       ||    35
       Leather armour    |       |     3 |     4 ||     7
Dodge: Dodged            |    47 |    33 |    13 ||    93

Table legend: (Time is in decaauts)
 A = Elapsed time spent in this place.
 B = Non-inter-level travel time spent in this place.
 C = Inter-level travel time spent in this place.
 D = Time resting spent in this place.
 E = Time spent auto-exploring this place.
 F = Levels seen in this place.
 G = Mean time per level.
                   A        B        C        D        E       F      G
               +--------+--------+--------+--------+--------+-----+--------+
         Total |   4328 |   4244 |     84 |    846 |   1657 |   5 |  865.6 |
       Dungeon |   4328 |   4244 |     84 |    846 |   1657 |   5 |  865.6 |
               +--------+--------+--------+--------+--------+-----+--------+

Top non-repeatable levels by time:
     D:3: 1670 daAuts
     D:4: 1025 daAuts
     D:1: 1000 daAuts
     D:2: 523 daAuts
     D:5: 109 daAuts
